 Dungeon Crawl Stone Soup version 0.29.1-2-gbd0b4ee654 (webtiles) character file.

Game seed: 10306872891035892975

1521 SirBaldwin the Cudgeller (level 9, -1/48 (68) HPs)
             Began as a Formicid Fighter on Nov 18, 2022.
             Was an Initiate of Gozag.
             Slain by a wight
             ... wielding a +4 halberd
              (4 damage)
             ... on level 6 of the Dungeon.
             The game lasted 00:08:40 (5724 turns).

SirBaldwin the Cudgeller (Formicid Fighter)         Turns: 5724, Time: 00:08:41

HP:   -1/48 (68)    AC: 11    Str: 31    XL:     9   Next: 10%
MP:   9/9           EV:  9    Int:  8    God:    Gozag
Gold: 648           SH:  5    Dex: 13    Spells: 8/8 levels left

rFire   + . .      SeeInvis +   v - +0 morningstar
rCold   . . .      Faith    .   c - +0 buckler
rNeg    . . .      Spirit   .   x - +0 chain mail
rPois   .          Reflect  .   (helmet unavailable)
rElec   .          Harm     .   y - scarf {repulsion}
rCorr   .          Rampage  .   (no gloves)
Will    .....                   a - +0 pair of boots
Stlth   ..........              (no amulet)
HPRegen 0.16/turn               p - +6 ring of strength
MPRegen 0.11/turn               q - ring of protection from fire

@: mighty, gold aura, very heavily drained, repel missiles
A: permanent stasis, dig shafts and tunnels, antennae 3, four strong arms
a: Dig, Shaft Self, Renounce Religion, Potion Petition, Call Merchant, Bribe
Branch


You were on level 6 of the Dungeon.
You worshipped Gozag.
Gozag was pleased with you.
You visited 2 branches of the dungeon, and saw 7 of its levels.
You also visited: Ossuary.

You collected 751 gold pieces.
You paid 103 gold pieces to Gozag.

Inventory:

Hand Weapons
 v - a +0 morningstar (weapon)
 E - a +0 giant spiked club
Armour
 a - a +0 pair of boots (worn)
 c - a +0 buckler (worn)
 x - a +0 chain mail (worn)
 y - a scarf of repulsion (worn)
Jewellery
 p - a +6 ring of strength (left hand)
 q - a ring of protection from fire (right hand)
 t - the ring "Geprum" {Ice Int-3 Dex+4}
   (You found it on level 5 of the Dungeon)

   [ring of ice]

   It enhances your ice magic.
   Int:       It affects your intelligence (-3).
   Dex:       It affects your dexterity (+4).
   rF:        It makes you vulnerable to fire.
   rC:        It protects you from cold.
 A - a ring of protection from cold
Wands
 j - a wand of iceblast (7)
 w - a wand of paralysis (8)
 B - a wand of flame (24)
Scrolls
 b - 3 scrolls of fear
 f - 2 scrolls of poison
 g - a scroll of vulnerability
 i - a scroll of amnesia
 k - 2 scrolls of teleportation
 o - 2 scrolls of butterflies
 u - a scroll of magic mapping {unknown}
Potions
 d - 4 potions of might
 e - 3 potions of attraction {unknown}
 h - 3 potions of degeneration {unknown}
 l - a potion of berserk rage {unknown}
 m - 4 potions of curing {unknown}
 n - 5 potions of heal wounds
 r - a potion of flight {unknown}
 s - a potion of haste {unknown}
 z - a potion of resistance {unknown}


   Skills:
 * Level 5.6 Fighting
 * Level 7.0 Maces & Flails
 * Level 6.4 Armour
 + Level 0.8 Dodging
 + Level 2.5 Stealth
 + Level 5.7 Shields
 * Level 3.0 Evocations


You had 8 spell levels left.
You didn't know any spells.
Your spell library contained the following spells:

 Spells                   Type           Power      Damage    Failure   Level
 Dazzling Flash           Conj/Hex       0%         N/A       100%        3
 Portal Projectile        Hex/Tloc       0%         N/A       100%        3
 Tukima's Dance           Hex            0%         N/A       100%        3
 Agony                    Necr           0%         N/A       100%        5
 Blade Hands              Tmut           0%         N/A       100%        5
 Silence                  Hex/Air        0%         N/A       100%        5


Dungeon Overview and Level Annotations

Branches:
Dungeon (6/15)             Temple (1/1) D:5         Ossuary (visited)

Altars:
Ashenzari
Elyvilon
Gozag
Hepliaklqana
Kikubaaqudgha
Nemelex Xobeh
Qazlal
Ru
Trog
Uskayaw
Vehumet
Xom
Yredelemnul
Zin
The Shining One

Shops:
D:1 =


Innate Abilities, Weirdness & Mutations

You cannot be hasted, slowed, berserked, paralysed or teleported.
You can dig through walls and to a lower floor.
You have a pair of large antennae on your head. (SInv)
Your four strong arms can wield two-handed weapons with a shield.


Message History

The wight hits you with a +4 scimitar of freezing!
You feel drained. The wight freezes you.
The wight hits you from afar with a +4 halberd!
You feel drained.
You puncture the wight!
The wight is heavily damaged.
The wight hits you from afar with a +4 halberd!
You feel drained.
* * * LOW HITPOINT WARNING * * *
You block the wight's attack.
You are too injured to fight recklessly!
You feel very mighty all of a sudden.
The wight hits you from afar with a +4 halberd.
* * * LOW HITPOINT WARNING * * *
You feel drained.
* * * LOW HITPOINT WARNING * * *
The wight hits you but does no damage.
You feel much better. The wight completely misses you.
The wight hits you with a +4 scimitar of freezing.
The wight freezes you. The wight attacks as you move away!
The wight hits you with a +4 scimitar of freezing.
The wight freezes you. The wight hits you with a +4 halberd!
You feel drained.
* * * LOW HITPOINT WARNING * * *
You closely miss the wight. You block the wight's attack.
The wight hits you with a +4 scimitar of freezing.
* * * LOW HITPOINT WARNING * * *
You feel drained. The wight freezes you.
* * * LOW HITPOINT WARNING * * *
The wight barely misses you. The wight attacks as you move away!
You block the wight's attack.
The wight is distracted by your dazzling golden aura.
The wight hits you with a +4 halberd.
* * * LOW HITPOINT WARNING * * *
You extend your mandibles.
Unknown command.
You retract your mandibles.
The wight attacks as you move away! The wight hits you with a +4 halberd.
You die...
Your body crumbles into a pile of gold.

####.# #.#..# ####.#
#.##.## .. ...#.#
#.##..## .... ...#.#
#.###..#####....
...#.#####.# ##.z........
...#.......# #$##........
.....#..#### ##.#........
...#...## ####zzz#..#...
...##..#####....@...#....
.####.....)....######....
............### ...
....#.......# ..
.###..##..#.#
.##..###..#.# $
.##.####..#.#
.##.#.....#.#
.#....###.#.###### #


You could see 3 wights.

Vanquished Creatures
  Grinder (D:5)
  An ogre (D:5)
  2 centaurs
  2 phantoms
  A bullfrog (D:3)
  2 necrophages
  A wight (D:6)
  5 hounds
  4 centaur zombies (Ossuary)
  2 orc priests
  A human zombie (Ossuary)
  Ijyb (D:5)
  2 orc wizards (D:5)
  3 hound zombies (Ossuary)
  3 mummies (Ossuary)
  3 gnolls (D:5)
  4 adders
  A white imp (D:5)
  An ufetubus (D:5)
  3 adder zombies (Ossuary)
  4 dart slugs
  7 orcs
  5 ball pythons
  7 bats
  7 endoplasms
  3 giant cockroaches
  2 gnoll zombies (Ossuary)
  9 hobgoblins
  3 jackals (D:2)
  4 kobolds
  3 quokkas
  7 goblins
  3 goblin zombies (Ossuary)
  2 hobgoblin zombies (Ossuary)
  5 jackal zombies (Ossuary)
  3 kobold zombies (Ossuary)
  An orc zombie (Ossuary)
  2 quokka zombies (Ossuary)
  7 rats
  5 rat zombies (Ossuary)
132 creatures vanquished.

Vanquished Creatures (others)
  A hobgoblin (D:2)
1 creature vanquished.

Grand Total: 133 creatures vanquished

Notes
Turn   | Place    | Note
-------+----------+-------------------------------------------
     0 | D:1      | SirBaldwin the Formicid Fighter began the quest for the
                  | Orb.
     0 | D:1      | Reached XP level 1. HP: 18/18 MP: 1/1
     0 | D:1      | Found a faded altar of an unknown god.
   252 | D:1      | Reached XP level 2. HP: 24/24 MP: 2/2
   415 | D:1      | Found Luunoc's Jewellery Shoppe.
   559 | D:1      | Reached XP level 3. HP: 28/30 MP: 3/3
  1357 | D:2      | Reached XP level 4. HP: 37/37 MP: 4/4
  1465 | D:2      | Reached skill level 3 in Maces & Flails
  2191 | D:3      | Noticed a bullfrog
  2200 | D:3      | Killed a bullfrog
  2201 | D:3      | Reached XP level 5. HP: 15/42 MP: 5/5
  2789 | D:4      | Noticed a phantom
  2802 | D:4      | Killed a phantom
  2803 | D:4      | Reached skill level 4 in Maces & Flails
  2803 | D:4      | Reached XP level 6. HP: 37/49 MP: 6/6
  3371 | D:4      | Identified the +0 leather armour of Tenacity {Int+2}
  3469 | D:5      | Entered Level 5 of the Dungeon
  3592 | D:4      | Reached skill level 1 in Evocations
  3751 | D:5      | Reached skill level 5 in Armour
  3751 | D:5      | Reached XP level 7. HP: 35/55 MP: 7/7
  3757 | D:5      | Reached skill level 5 in Shields
  3918 | D:5      | Identified the ring "Geprum" {Ice Int-3 Dex+4}
  3929 | D:5      | Found a staircase to the Ecumenical Temple.
  3934 | D:5      | Reached skill level 5 in Maces & Flails
  4016 | Temple   | Entered the Ecumenical Temple
  4151 | Temple   | Became a worshipper of Gozag Ym Sagoz the Greedy
  4250 | D:5      | Noticed Ijyb
  4259 | D:5      | Killed Ijyb
  4371 | D:5      | Reached skill level 1 in Stealth
  4478 | D:5      | Noticed Grinder
  4485 | D:5      | Killed Grinder
  4486 | D:5      | Reached skill level 5 in Fighting
  4486 | D:5      | Reached XP level 8. HP: 47/62 MP: 8/8
  5033 | D:6      | Reached skill level 6 in Maces & Flails
  5066 | D:6      | Found a sand-covered staircase.
  5083 | Ossuary  | Entered an ossuary
  5511 | Ossuary  | Reached XP level 9. HP: 67/68 MP: 9/9
  5716 | D:6      | Reached skill level 7 in Maces & Flails
  5724 | D:6      | Slain by a wight

Illustrated notes

Levels and vault maps discovered:
D:1:      dpeg_arrival_pond, layout_basic, ebering_ecumenical_altar_sacrificial,
          serial_shops, nicolae_shop_stone
D:2:      layout_loops_ring
D:3:      layout_loops_ring, nicolae_elevator_lobby_plus
D:4:      layout_loops_cross
D:5:      layout_rooms, minmay_temple_entry_stoned_glass, grunt_ministairs_12,
          chequers_serial_rivers_small_b, minmay_crystal_room,
          minmay_crystal_water, uniq_ijyb, uniq_grinder
D:6:      layout_rooms, nicolae_ossuary_entry_ruins
Temple:   eino_wide_crystal_templ

Skill      XL: |  1  2  3  4  5  6  7  8  9 |
---------------+----------------------------+-----
Maces & Flails | 3 4 5 6 7 |  7.0
Fighting       | 4 5 |  5.6
Armour         | 4 5 6 |  6.4
Evocations     | 1 2 3 |  3.0
Shields        | 5 |  5.7
Stealth        | 1 2 |  2.5
Dodging        | |  0.8

Action                   |  1- 3 |  4- 6 |  7- 9 || total
-------------------------+-------+-------+-------++-------
Melee: Flail             |    91 |   121 |    95 ||   307
       Morningstar       |       |       |   138 ||   138
 Abil: Dig               |       |     2 |     4 ||     6
Evoke: Wand              |       |       |     1 ||     1
  Use: Scroll            |       |     6 |     3 ||     9
       Potion            |       |       |     2 ||     2
 Stab: Paralysed         |       |       |     6 ||     6
Armor: Scale mail        |    34 |    28 |       ||    62
       Chain mail        |       |    33 |   122 ||   155
Dodge: Dodged            |    41 |    56 |    90 ||   187
       Repelled          |       |       |     5 ||     5
Block: Buckler           |    16 |    33 |    53 ||   102
